 Dungeon Crawl Stone Soup version 0.24.0-125-gc4c63601f3 (webtiles) character file.

Game seed: 14540490351862878012, levelgen mode: deterministic

170 Bombadil the Magician (level 5, -3/28 HPs)
             Began as a Deep Elf Wizard on Feb 21, 2020.
             Slain by an ogre
             ... wielding a +0 giant club
              (4 damage)
             ... on level 4 of the Dungeon.
             The game lasted 00:05:06 (2174 turns).

Bombadil the Magician (Deep Elf Wizard)             Turns: 2174, Time: 00:05:07

Health: -3/28      AC:  5    Str:  4    XL:     5   Next: 25%
Magic:  14/16      EV: 13    Int: 24    God:
Gold:   44         SH:  0    Dex: 13    Spells: 6/17 levels left

rFire    . . .     SeeInvis .   j - +2 quarterstaff (chaos)
rCold    . . .     Gourm    .   (shield currently unavailable)
rNeg     . . .     Faith    .   a - +0 robe
rPois    .         Spirit   .   b - +0 hat
rElec    .         Reflect  .   k - +2 cloak
rCorr    .         Harm     .   (no gloves)
MR       .....                  (no boots)
Stlth    ++........             (no amulet)
HPRegen  0.09/turn              (no ring)
MPRegen  0.15/turn              (no ring)

@: no status effects
A: no striking features
a: no special abilities


You were on level 4 of the Dungeon.
You were hungry.

You visited 1 branch of the dungeon, and saw 4 of its levels.

You collected 44 gold pieces.

Inventory:

Hand Weapons
 j - a +2 quarterstaff of chaos (weapon)
Armour
 a - a +0 robe (worn)
 b - a +0 hat (worn)
 k - a +2 cloak (worn)
Wands
 m - a wand of flame (21)
Scrolls
 c - a scroll of blinking {unknown}
 e - a scroll of teleportation {unknown}
 g - a scroll of remove curse {unknown}
Potions
 h - a potion of heal wounds {unknown}
 i - a potion of brilliance {unknown}
 l - a potion of curing {unknown}
 n - 2 potions of agility {unknown}
Comestibles
 d - a ration


   Skills:
 + Level 0.1 Fighting
 + Level 0.2 Staves
 + Level 3.4 Dodging
 + Level 2.8 Stealth
 + Level 6.7 Spellcasting
 + Level 2.3 Conjurations
 + Level 1.5 Summonings
 + Level 1.1 Translocations
 + Level 0.2 Fire Magic


You had 6 spell levels left.
You knew the following spells:

 Your Spells              Type           Power        Failure   Level  Hunger
a - Magic Dart            Conj           ###.         3%          1    None
b - Blink                 Tloc           N/A          7%          2    None
c - Call Imp              Summ           ###.....     6%          2    None
d - Conjure Flame         Conj/Fire      ##......     13%         3    None
e - Mephitic Cloud        Conj/Pois/Air  ##......     16%         3    None

Your spell library contained the following spells:

 Spells                   Type           Power        Failure   Level  Hunger
 Slow                     Hex            #.......     11%         2    None


Dungeon Overview and Level Annotations

Branches:
Dungeon (4/15)
 Temple: D:4-7

Altars:
Xom


Message History

a +1 vampiric spear; 3 poisoned darts You start resting.
You feel sick. x11
You are no longer poisoned.
You start resting.
Magic restored.
You start resting.
You are feeling hungry.
You start resting.
HP restored.
There is a stone staircase leading down here.
You climb downwards.
The ogre hits you with a +0 giant club!!
Ouch! That really hurt!
* * * LOW HITPOINT WARNING * * *
There is a stone staircase leading up, spattered with blood here.
Unknown command.
Casting: Magic Dart (safe; 3% risk of failure)
Confirm with . or Enter, or press ? or * to list all spells.
You blink.
The ogre hits you with a +0 giant club.
You die...

# ## #.# ..# ....
#.####
.!...########....##
#.#.......##>!.....
........§.@...(..#
..#..####O###.####
............÷..#
..#..##.#.###..# ..
#.#.# #..# #...
#.#.###..# ... .
#O#......# ##.. #.
#.#..###.##. ...
#?# #.#..###....


You could see an ogre.

Vanquished Creatures
  Crazy Yiuf (D:2)
  2 worker ants (D:4)
  2 gnolls (D:3)
  An adder (D:2)
  2 worms (D:2)
  4 dart slugs
  3 leopard geckos
  An orc (D:2)
  4 bats
  2 giant cockroaches
  A goblin (D:2)
  6 hobgoblins
  4 jackals (D:4)
  A frilled lizard (D:2)
  5 kobolds
  5 rats
44 creatures vanquished.

Vanquished Creatures (collateral kills)
  A gnoll (D:3)
  An ooze (D:3)
2 creatures vanquished.

Grand Total: 46 creatures vanquished

Notes
Turn   | Place    | Note
-------+----------+-------------------------------------------
     0 | D:1      | Bombadil the Deep Elf Wizard began the quest for the Orb.
     0 | D:1      | Reached XP level 1. HP: 10/10 MP: 7/7
   266 | D:1      | Reached XP level 2. HP: 15/15 MP: 3/9
   275 | D:1      | Learned a level 2 spell: Blink
   278 | D:1      | Learned a level 2 spell: Call Imp
   391 | D:1      | Reached skill level 5 in Spellcasting
   754 | D:2      | Reached XP level 3. HP: 17/19 MP: 6/12
   762 | D:2      | Learned a level 3 spell: Conjure Flame
   766 | D:2      | Learned a level 3 spell: Mephitic Cloud
   883 | D:2      | Found a runed translucent door.
   884 | D:2      | Noticed Crazy Yiuf
   893 | D:2      | Killed Crazy Yiuf
  1030 | D:2      | Reached XP level 4. HP: 24/24 MP: 1/13
  1545 | D:3      | Found a shimmering altar of Xom.
  1576 | D:3      | Reached skill level 6 in Spellcasting
  1770 | D:4      | Noticed an ogre
  1835 | D:4      | Reached XP level 5. HP: 28/28 MP: 1/16
  2173 | D:4      | HP: 1/28 [ogre/+0 giant club (27)]
  2174 | D:4      | Slain by an ogre

Levels and vault maps discovered:
D:1:      minmay_arrival_cross, layout_loops_cross
D:2:      layout_basic, uniq_crazy_yiuf_cottage
D:3:      layout_basic, lemuel_crystal_altar
D:4:      layout_loops_ring, minmay_temple_entry_mist, first_ration

Skill      XL: |  1  2  3  4 |
---------------+-------------+-----
Spellcasting   | 5 6 |  6.7
Conjurations   | 2 |  2.3
Dodging        | 3 |  3.4
Fighting       | |  0.1
Staves         | |  0.2
Stealth        | |  2.8
Summonings     | |  1.5
Translocations | |  1.1
Fire Magic     | |  0.2

Action                   |  1- 3 |  4- 6 || total
-------------------------+-------+-------++-------
Melee: Unarmed           |     3 |       ||     3
       Quarterstaff      |       |    15 ||    15
 Cast: Magic Dart        |    71 |    42 ||   113
       Call Imp          |     2 |     2 ||     4
       Mephitic Cloud    |     1 |     4 ||     5
       Conjure Flame     |     1 |     3 ||     4
       Blink             |       |     4 ||     4
 Stab: Sleeping          |     1 |       ||     1
  Eat: Chunk             |       |     3 ||     3
Armor: Robe              |    12 |    10 ||    22
Dodge: Dodged            |    26 |    25 ||    51
